AoeStats
← CalZing

Arena

510178258Analyzed
1v1 RM · 1d ago on Sep 29, 2026· 31m 10s· 2 players
Game mode
Random Map
Map size
Tiny (2 player)
Population
200
Speed
Normal
Resources
Standard
Victory
Conquest
Starting age
Dark Age
Ending age
Imperial Age
RankedLock teamsTeams togetherTeam positionsShared explorationLock speedFull tech treeHidden civsTurbo modeCheats
Victory
Defeat
1130
+17
🇸🇪 Danes · Sweden
1158
-17
CalZing
10:15 Feudal Age
10:39 Feudal Age
10:06 Loom
14:27 Castle Age
16:21 Fletching
20:28 Sanctity
20:16 Bodkin Arrow
22:41 Devotion
23:10 Horse Collar
26:20 Heavy Plow
28:10 Wheelbarrow
29:05 Padded Archer Armor
32:04 Imperial Age
30:34 Fervor
30:34 Double-Bit Axe
FlemishTwoHandedSwordsman
11:22 Feudal Age
12:12 Double-Bit Axe
14:56 Castle Age
12:46 Horse Collar
14:23 Wheelbarrow
16:18 Bow Saw
16:44 Heavy Plow
19:59 Hand Cart
21:41 Fervor
24:22 Chemistry
23:00 Pikeman
29:43 Imperial Age
27:33 Padded Archer Armor
27:24 Fletching
26:59 Elite Skirmisher
28:36 Leather Archer Armor
31:19 Scale Mail Armor
Connection lost

Rejoining the realm…

Still unreachable

The connection could not be restored.

Session expired

The server has moved on; the page needs a fresh start.